[Event "Titled Tuesday Blitz July 25 Early 2023"]
[White "Makhmudov, Shukhrat"]
[Black "Rodriguez Fontecha, Marcos"]
[WhiteFideId "14200775"]
[BlackFideId "2256576"]
[WhiteElo "2331"]
[BlackElo "2470"]
[Result "1-0"]
[Round "9"]
[TimeControl "180+2"]
[Date "2023.07.25"]
[WhiteClock "0:01:22"]
[BlackClock "0:00:07"]
[Board "133"]

1. e4 e6 2. Nf3 d5 3. e5 c5 4. b4 b6 5. bxc5 bxc5 6. c3 Nc6 7. d4 f6 8. exf6 Nxf6 9. Bb5 Bd7 10. O-O Bd6 11. Re1 Rc8 12. Ba3 O-O 13. Bxc5 Bxc5 14. dxc5 Ne4 15. c4 Ng5 16. Nbd2 Qf6 17. Nxg5 Qxg5 18. Nf3 Qh5 19. Bxc6 Bxc6 20. Nd4 dxc4 21. Qxh5 1-0


[Site "https://www.chess.com"]

[Event "Titled Tuesday Blitz July 25 Early 2023"]
[White "Perske, Thore"]
[Black "Osinovsky, Stepan"]
[WhiteFideId "12902195"]
[BlackFideId "4157354"]
[WhiteElo "2469"]
[BlackElo "2331"]
[Result "0-1"]
[Round "9"]
[TimeControl "180+2"]
[Date "2023.07.25"]
[WhiteClock "0:02:09"]
[BlackClock "0:00:51"]
[Board "134"]

1. d4 Nf6 2. g3 g6 3. Bg2 Bg7 4. e4 O-O 5. Ne2 d6 6. Nbc3 e5 7. h3 Re8 8. O-O exd4 9. Nxd4 Nbd7 10. Re1 a5 11. a4 Nc5 12. g4 c6 13. Bg5 Qb6 14. b3 Qb4 15. Qd2 Nfxe4 16. Nxe4 Nxe4 17. Qxb4 axb4 18. Bxe4 Bxd4 19. Bxc6 Rxe1+ 20. Rxe1 bxc6 21. Re8+ Kg7 22. Be7 Bb7 23. Rxa8 Bxa8 24. Bxd6 c5 25. Kf1 Be4 26. Ke2 Bxc2 27. a5 Bxb3 28. Kd3 Bxf2 29. a6 Bd5 30. Bb8 c4+ 0-1


[Site "https://www.chess.com"]

[Event "Titled Tuesday Blitz July 25 Early 2023"]
[White "Spichkin, Alexander"]
[Black "Prydun, Andriy"]
[WhiteFideId "4144074"]
[BlackFideId "14145898"]
[WhiteElo "2467"]
[BlackElo "2322"]
[Result "0-1"]
[Round "9"]
[TimeControl "180+2"]
[Date "2023.07.25"]
[WhiteClock "0:01:08"]
[BlackClock "0:00:04"]
[Board "135"]

1. f4 c5 2. Nf3 Nc6 3. d3 b5 4. e4 b4 5. Be2 a5 6. O-O Ba6 7. Be3 d6 8. d4 Bxe2 9. Qxe2 cxd4 10. Nxd4 Qd7 11. Nd2 g6 12. Nc4 Bg7 13. Nb6 Nxd4 14. Qd3 Qb5 15. Qxb5+ Nxb5 16. Nxa8 Bxb2 17. Rab1 Bg7 18. Nc7+ Nxc7 19. Bb6 Kd7 20. Bxa5 Bd4+ 21. Kh1 Nf6 22. Bxb4 Nxe4 23. c3 Nf2+ 24. Rxf2 Bxf2 25. a4 Bc5 26. a5 Bxb4 27. cxb4 Nb5 28. Rc1 Rc8 29. Rf1 Rc4 30. Rb1 Rxf4 31. g3 Rc4 32. a6 Kc7 33. Ra1 Kb6 34. a7 Nxa7 35. Re1 e5 36. Rd1 Nb5 37. Rf1 f5 38. Kg2 Rd4 39. Rc1 Rxb4 40. Rc8 Rb2+ 41. Kh3 Nd4 42. Rh8 Nf3 43. g4 f4 44. g5 Rxh2+ 45. Kg4 Nd4 46. Rd8 Rg2+ 47. Kh3 Rg3+ 48. Kh4 Nf3# 0-1


[Site "https://www.chess.com"]

[Event "Titled Tuesday Blitz July 25 Early 2023"]
[White "UNSTOPPABLE_LEGEND"]
[Black "SicilianPanzer"]
[WhiteElo "2454"]
[BlackElo "2315"]
[Result "1-0"]
[Round "9"]
[TimeControl "180+2"]
[Date "2023.07.25"]
[WhiteClock "0:02:03"]
[BlackClock "0:01:14"]
[Board "136"]

1. Nf3 Nf6 2. c4 e6 3. b3 a5 4. Bb2 a4 5. bxa4 d5 6. e3 Nbd7 7. cxd5 exd5 8. Be2 Nc5 9. Nc3 Bd7 10. O-O Nxa4 11. Nxa4 Rxa4 12. Qc2 Bd6 13. Ne5 O-O 14. Nxd7 Qxd7 15. Bxf6 gxf6 16. d4 c6 17. Qxa4 1-0


[Site "https://www.chess.com"]

[Event "Titled Tuesday Blitz July 25 Early 2023"]
[White "Kopczynski, Michal"]
[Black "Huynh, Lam Binh Nguyen"]
[WhiteFideId "1124200"]
[BlackFideId "12401633"]
[WhiteElo "2449"]
[BlackElo "2309"]
[Result "1-0"]
[Round "9"]
[TimeControl "180+2"]
[Date "2023.07.25"]
[WhiteClock "0:00:20"]
[BlackClock "0:00:00"]
[Board "137"]

1. e4 e6 2. d4 d5 3. Nc3 Bb4 4. e5 b6 5. f4 Ne7 6. Nf3 c5 7. dxc5 bxc5 8. Bd2 Bxc3 9. Bxc3 O-O 10. Bd3 Nf5 11. Bxf5 exf5 12. O-O d4 13. Be1 Bb7 14. c3 Nc6 15. Bf2 dxc3 16. bxc3 Qa5 17. e6 fxe6 18. Qd7 Nd8 19. Ne5 Rc8 20. Rab1 Rc7 21. Qd6 Nf7 22. Qxe6 Bc8 23. Qb3 c4 24. Nxc4 Qd5 25. Ne3 Qe4 26. Qd5 Re8 27. Qxe4 fxe4 28. Nd5 Rc6 29. Rb8 Kf8 30. Bxa7 Ba6 31. Rfb1 Bd3 32. Rxe8+ Kxe8 33. Rb8+ Kd7 34. Rb7+ Ke6 35. Nc7+ Kf5 36. Bd4 Nd6 37. Rb8 Kxf4 38. Nd5+ Kg5 39. Bxg7 1-0


[Site "https://www.chess.com"]

[Event "Titled Tuesday Blitz July 25 Early 2023"]
[White "Pasti, Aron"]
[Black "Zaksaite, Salomeja"]
[WhiteFideId "785857"]
[BlackFideId "12801496"]
[WhiteElo "2447"]
[BlackElo "2295"]
[Result "0-1"]
[Round "9"]
[TimeControl "180+2"]
[Date "2023.07.25"]
[WhiteClock "0:00:11"]
[BlackClock "0:00:03"]
[Board "138"]

1. e4 c5 2. d4 cxd4 3. c3 Nf6 4. e5 Nd5 5. cxd4 e6 6. Nc3 Nxc3 7. bxc3 Qc7 8. Bd2 d6 9. exd6 Bxd6 10. Nf3 Nd7 11. Bd3 Nf6 12. O-O O-O 13. Qc2 Bf4 14. Rfe1 Bxd2 15. Qxd2 b6 16. Ng5 Bb7 17. Ne4 Bxe4 18. Bxe4 Rac8 19. Rac1 Nxe4 20. Rxe4 Rfd8 21. Qd3 Qc4 22. Qc2 b5 23. Rh4 g6 24. Qd2 Rd7 25. Qh6 f5 26. h3 b4 27. d5 Qxd5 28. Rxb4 Qd2 29. Qxd2 Rxd2 30. Re1 Rc6 31. Rb8+ Kg7 32. Rb7+ Kh6 33. Rxa7 Rxc3 34. Rxe6 Rc1+ 35. Kh2 Rxf2 36. Ree7 Rcc2 37. Rxh7+ Kg5 38. h4+ Kg4 39. Ra4+ f4 40. Rg7 Rxg2+ 41. Kh1 Rh2+ 42. Kg1 Rcg2+ 43. Kf1 Kh3 44. Ra3+ Kxh4 45. Ra4 g5 46. Ra5 g4 47. Ra4 Kg3 48. Rxg4+ Kxg4 49. Ra8 Rf2+ 50. Kg1 Rfg2+ 51. Kf1 Rxa2 52. Kg1 Rhg2+ 53. Kf1 Rxa8 0-1


[Site "https://www.chess.com"]

[Event "Titled Tuesday Blitz July 25 Early 2023"]
[White "Ladan, Nicholas"]
[Black "laimis61"]
[WhiteFideId "30918855"]
[WhiteElo "2442"]
[BlackElo "2291"]
[Result "1-0"]
[Round "9"]
[TimeControl "180+2"]
[Date "2023.07.25"]
[WhiteClock "0:00:14"]
[BlackClock "0:00:00"]
[Board "139"]

1. b3 Nf6 2. c4 g6 3. Bb2 Bg7 4. e3 O-O 5. Nf3 d5 6. d4 c6 7. Be2 Bf5 8. O-O a5 9. Nc3 Ne4 10. Nxe4 Bxe4 11. Nd2 Bf5 12. Rc1 Nd7 13. Bf3 Be6 14. e4 dxe4 15. Nxe4 a4 16. b4 a3 17. Ba1 Nb6 18. d5 Bxa1 19. dxe6 Bb2 20. exf7+ Rxf7 21. Rc2 Qxd1 22. Rxd1 e5 23. Nc5 Bd4 24. Nxb7 Rxb7 25. Bxc6 Rab8 26. c5 Rc7 27. cxb6 Bxb6 28. b5 Ra7 29. Kf1 Kf7 30. Rd5 Kf6 31. Rd6+ Ke7 32. Rd5 Kf6 33. h4 Rd8 34. Rxd8 Bxd8 35. Be4 Ra4 36. Rc6+ Ke7 37. Bd5 Rb4 38. Bc4 e4 39. Ke2 Rb2+ 40. Ke3 Kd7 41. Kxe4 Rxf2 42. Be6+ Ke7 43. b6 Re2+ 44. Kd5 Rd2+ 45. Kc5 Rc2+ 46. Kb5 Rxc6 47. Kxc6 Bxb6 48. Bg8 1-0


[Site "https://www.chess.com"]

[Event "Titled Tuesday Blitz July 25 Early 2023"]
[White "Reprintsev, Alexander"]
[Black "AndresDelgado77"]
[WhiteFideId "14100541"]
[WhiteElo "2432"]
[BlackElo "2293"]
[Result "1-0"]
[Round "9"]
[TimeControl "180+2"]
[Date "2023.07.25"]
[WhiteClock "0:01:03"]
[BlackClock "0:00:00"]
[Board "140"]

1. e4 e6 2. d4 d5 3. Nc3 Nf6 4. Bg5 Bb4 5. e5 h6 6. exf6 hxg5 7. fxg7 Rg8 8. a3 Bxc3+ 9. bxc3 c5 10. h4 gxh4 11. Qh5 Qf6 12. Nf3 Qxg7 13. Qxh4 Bd7 14. Rb1 b6 15. g3 Nc6 16. Bb5 Rc8 17. Bxc6 Bxc6 18. Ne5 Ba4 19. Kd2 cxd4 20. Qxd4 Bd7 21. Rh5 Qf6 22. Rbh1 Qe7 23. Rh7 Rf8 24. a4 Qc5 25. R1h4 Qxd4+ 26. Rxd4 Ke7 27. Ng6+ Kd6 28. Nxf8 Rxf8 29. Rf4 1-0


[Site "https://www.chess.com"]

[Event "Titled Tuesday Blitz July 25 Early 2023"]
[White "Barwinska, Ewa"]
[Black "Rakitic2010"]
[WhiteFideId "21833761"]
[WhiteElo "2286"]
[BlackElo "2430"]
[Result "0-1"]
[Round "9"]
[TimeControl "180+2"]
[Date "2023.07.25"]
[WhiteClock "0:01:30"]
[BlackClock "0:02:03"]
[Board "141"]

1. e4 d5 2. exd5 Nf6 3. d4 Nxd5 4. c4 Nf6 5. Be3 c5 6. d5 e6 7. Nc3 exd5 8. Nxd5 Nxd5 9. cxd5 Be7 10. Nf3 O-O 11. Bc4 Bg4 12. h3 Bh5 13. O-O Nd7 14. d6 Bf6 15. Bb5 Ne5 16. Bxc5 Nxf3+ 17. gxf3 Qa5 18. Qa4 Qd2 19. Qb4 Qg5+ 20. Kh2 Be5+ 0-1


[Site "https://www.chess.com"]

[Event "Titled Tuesday Blitz July 25 Early 2023"]
[White "Araujo Filho, Luiz Antonio Coel"]
[Black "Vivas Zamora, Fabian Ernesto"]
[WhiteFideId "2130661"]
[BlackFideId "3902480"]
[WhiteElo "2284"]
[BlackElo "2430"]
[Result "1/2-1/2"]
[Round "9"]
[TimeControl "180+2"]
[Date "2023.07.25"]
[WhiteClock "0:00:09"]
[BlackClock "0:00:03"]
[Board "142"]

1. d4 d5 2. Nf3 Nf6 3. e3 c5 4. c3 Nc6 5. Nbd2 cxd4 6. exd4 Bg4 7. Qa4 Qd7 8. Bb5 Qe6+ 9. Kf1 Nd7 10. h3 Bxf3 11. Nxf3 g6 12. Bf4 Bg7 13. Re1 Qf5 14. Bd6 O-O 15. Bxe7 Nb6 16. Qd1 Rfe8 17. Bc5 Rxe1+ 18. Qxe1 Nc4 19. Bxc4 dxc4 20. Kg1 b6 21. Bd6 Qd5 22. Bf4 h6 23. Kh2 Qd7 24. Qd2 Kh7 25. Re1 Re8 26. Rxe8 Qxe8 27. Qe3 Qd7 28. Ne5 Nxe5 29. Bxe5 Qd5 30. Bxg7 Kxg7 31. Qe5+ Qxe5+ 32. dxe5 g5 33. g3 Kg6 34. g4 Kg7 35. Kg3 Kf8 36. Kf3 Ke7 37. Ke4 Ke6 38. f4 gxf4 39. Kxf4 b5 40. h4 Kd5 41. g5 hxg5+ 42. hxg5 a5 43. Kf5 b4 44. Kf6 a4 45. cxb4 a3 46. bxa3 c3 47. e6 fxe6 48. g6 c2 49. g7 c1=Q 50. g8=Q Qf4+ 51. Ke7 Qc7+ 52. Kf6 Qe5+ 53. Kf7 Qc7+ 54. Kf6 Qc3+ 55. Ke7 Qc7+ 56. Kf6 1/2-1/2


[Site "https://www.chess.com"]

[Event "Titled Tuesday Blitz July 25 Early 2023"]
[White "Avazkhonov, Alikhon"]
[Black "Fernandez Bustamante, Leancy B."]
[WhiteFideId "14208504"]
[BlackFideId "3523870"]
[WhiteElo "2428"]
[BlackElo "2282"]
[Result "1-0"]
[Round "9"]
[TimeControl "180+2"]
[Date "2023.07.25"]
[WhiteClock "0:00:07"]
[BlackClock "0:00:00"]
[Board "143"]

1. d4 c5 2. d5 d6 3. c4 e5 4. Nc3 Nf6 5. e4 g6 6. Be2 Bg7 7. Nf3 O-O 8. O-O Na6 9. a3 Nc7 10. b4 b6 11. Ne1 Nfe8 12. Nd3 f5 13. f3 f4 14. Bd2 h5 15. Be1 g5 16. Bf2 Rf7 17. Rb1 Bf8 18. bxc5 bxc5 19. Bxc5 dxc5 20. Nxe5 Rg7 21. Nc6 Qd7 22. e5 g4 23. Ne4 g3 24. h3 Ne6 25. dxe6 Qxc6 26. Nf6+ Kh8 27. Qd5 Bb7 28. Nd7 Nc7 29. Qd3 Nxe6 30. Nf6 Nd4 31. Rb2 Rd8 32. Rfb1 Qc8 33. Rxb7 Rxb7 34. Rxb7 Qxb7 35. Qg6 1-0


[Site "https://www.chess.com"]

[Event "Titled Tuesday Blitz July 25 Early 2023"]
[White "Joshi, Pankaj"]
[Black "Ai, Evan"]
[WhiteFideId "5006210"]
[BlackFideId "2094770"]
[WhiteElo "2254"]
[BlackElo "2423"]
[Result "1-0"]
[Round "9"]
[TimeControl "180+2"]
[Date "2023.07.25"]
[WhiteClock "0:00:37"]
[BlackClock "0:00:04"]
[Board "144"]

1. e4 e5 2. Nf3 Nc6 3. Bc4 Nf6 4. d3 Bc5 5. c3 d6 6. Bb3 O-O 7. Bg5 h6 8. Bh4 g5 9. Nxg5 hxg5 10. Bxg5 Bxf2+ 11. Kxf2 Ng4+ 12. Qxg4 Bxg4 13. Bxd8 Raxd8 14. Nd2 Kg7 15. h3 Bd7 16. g4 Ne7 17. Ke3 c6 18. Raf1 f6 19. Nc4 d5 20. Nd6 b6 21. Nf5+ Bxf5 22. gxf5 Kf7 23. h4 Rg8 24. Rfg1 Rxg1 25. Rxg1 Rh8 26. Rh1 Rg8 27. Kf3 a5 28. h5 b5 29. a3 a4 30. Ba2 Rg5 31. h6 Kg8 32. c4 bxc4 33. dxc4 dxe4+ 34. Kxe4 Rg4+ 35. Kf3 Rf4+ 36. Kg3 Nxf5+ 37. Kg2 Kh7 38. Bb1 e4 39. Rh5 Kg6 40. h7 Kxh5 41. h8=Q+ Nh6 42. Qe8+ Kg5 43. Bxe4 Ng4 44. Bf3 Ne5 45. Qg8+ Kf5 46. Qh7+ Ke6 47. Qg8+ Kd6 48. Qf8+ Ke6 49. Qc8+ Kd6 50. Qf8+ Ke6 51. Bh5 Rxc4 52. Qg8+ Kd6 53. Qf8+ Ke6 54. Bg4+ Rxg4+ 55. Kf1 Rf4+ 56. Ke2 Re4+ 57. Kd2 Rd4+ 58. Kc3 Rc4+ 59. Kd2 Rd4+ 60. Kc1 Nd3+ 61. Kc2 Ne5 62. Qe8+ Kd5 63. Qd8+ Kc5 64. Qxf6 Nc4 65. Qg5+ Rd5 66. Qe7+ Kb6 67. Kc1 Rb5 68. Qd8+ Kc5 69. Qg5+ Kb6 70. Qg1+ Rc5 71. Qd4 Kb5 72. Kb1 Nb6 73. Qb4+ Ka6 74. Qxc5 1-0


[Site "https://www.chess.com"]

[Event "Titled Tuesday Blitz July 25 Early 2023"]
[White "Smietanska, Wiktoria"]
[Black "Begunov, Konstantin"]
[WhiteFideId "21869359"]
[BlackFideId "4118510"]
[WhiteElo "2238"]
[BlackElo "2419"]
[Result "1-0"]
[Round "9"]
[TimeControl "180+2"]
[Date "2023.07.25"]
[WhiteClock "0:00:02"]
[BlackClock "0:00:00"]
[Board "145"]

1. c4 c6 2. Nf3 d5 3. Nc3 d4 4. Ne4 Bf5 5. Ng3 Bg6 6. Ne5 Nd7 7. Nxg6 hxg6 8. e3 e5 9. exd4 exd4 10. d3 Bb4+ 11. Bd2 Bxd2+ 12. Qxd2 Ngf6 13. Be2 a5 14. Bf3 O-O 15. h4 Re8+ 16. Kf1 Nc5 17. h5 gxh5 18. Nxh5 Nxh5 19. Rxh5 b6 20. g3 Qf6 21. Kg2 g6 22. Rh3 Re6 23. Rah1 Rae8 24. Rh4 Kf8 25. Rf4 Qe5 26. Bg4 Rf6 27. Rxf6 Qxf6 28. a3 a4 29. Bf3 Re5 30. Qh6+ Ke7 31. Rd1 Rf5 32. Be4 Rxf2+ 33. Kh3 Qe6+ 34. g4 Nxe4 35. dxe4 Qxe4 36. Qh4+ Rf6 37. Re1 Qxe1 38. Qxe1+ Re6 39. Qb4+ c5 40. Qxa4 d3 41. Qd1 Rd6 42. Qd2 Ke6 43. b4 Ke5 44. Qe3+ Kf6 45. Qf4+ Ke6 46. Qd2 Ke5 47. Kg3 Kd4 48. bxc5 bxc5 49. Kf3 Kxc4 50. Ke3 Re6+ 51. Kf4 Re2 52. Qc1+ Rc2 53. Qd1 Kc3 54. Ke4 d2 55. Ke3 c4 56. a4 Ra2 57. Ke2 Kb4 58. Qb1+ Ka3 59. Qd1 c3 60. Kd3 Rb2 61. Kxc3 Ra2 62. Kc4 1-0


[Site "https://www.chess.com"]

[Event "Titled Tuesday Blitz July 25 Early 2023"]
[White "Zheenbekov, Nurgazy"]
[Black "Francisco_Ferrari"]
[WhiteFideId "13800485"]
[WhiteElo "2419"]
[BlackElo "2194"]
[Result "0-1"]
[Round "9"]
[TimeControl "180+2"]
[Date "2023.07.25"]
[WhiteClock "0:00:39"]
[BlackClock "0:00:10"]
[Board "146"]

1. e4 c5 2. Nf3 d6 3. c3 Nf6 4. Be2 Nc6 5. O-O e6 6. d4 cxd4 7. cxd4 Be7 8. Nc3 O-O 9. h3 a6 10. Bg5 b5 11. Rc1 Bb7 12. e5 dxe5 13. dxe5 Nd7 14. Bf4 Nc5 15. Qc2 Nb4 16. Qb1 Nbd3 17. Rcd1 Nxf4 18. Rxd8 Nxe2+ 19. Nxe2 Rfxd8 20. Ned4 Be4 21. Qd1 Nd3 22. Qe2 Bg6 23. Nc6 Rd7 24. Nxe7+ Rxe7 25. Nh4 Rd8 26. Nxg6 hxg6 27. a4 Red7 28. axb5 axb5 29. Ra1 Rd5 30. Ra7 Rxe5 31. Qf3 Rf5 32. Qe3 Nxf2 33. Kh2 Rd1 34. Ra8+ Kh7 35. Qa7 Rh1+ 36. Kg3 Ne4+ 37. Kg4 g5 38. Rh8+ Kxh8 39. Qa8+ Kh7 40. Qxe4 Kh6 41. g3 Rf4+ 42. gxf4 f5+ 0-1


[Site "https://www.chess.com"]

[Event "Titled Tuesday Blitz July 25 Early 2023"]
[White "Melikhov, Evgeny V."]
[Black "Mikheeva, Galina"]
[WhiteFideId "4122046"]
[BlackFideId "44108320"]
[WhiteElo "2371"]
[BlackElo "2074"]
[Result "1-0"]
[Round "9"]
[TimeControl "180+2"]
[Date "2023.07.25"]
[WhiteClock "0:00:08"]
[BlackClock "0:00:00"]
[Board "147"]

1. d4 Nf6 2. c4 e6 3. Nc3 d5 4. cxd5 exd5 5. Bg5 Be7 6. e3 c6 7. Bd3 Nbd7 8. Qc2 Nf8 9. Nf3 Ne6 10. Bh4 g6 11. O-O O-O 12. Rab1 Ng7 13. b4 a6 14. a4 Bf5 15. b5 axb5 16. axb5 Bxd3 17. Qxd3 Nf5 18. Bxf6 Bxf6 19. bxc6 bxc6 20. Rb7 Nd6 21. Rb3 Rb8 22. Rfb1 Qc7 23. h3 Rxb3 24. Rxb3 Rb8 25. Qb1 Rxb3 26. Qxb3 Nc4 27. e4 Qf4 28. e5 Qc1+ 29. Qd1 Qxd1+ 30. Nxd1 Bd8 31. Ne3 Nb6 32. g3 Be7 33. Ne1 c5 34. dxc5 Bxc5 35. Ng4 h5 36. Nf6+ Kf8 37. Kg2 Ke7 38. f4 Ba3 39. Nd3 Ke6 40. Kf3 Be7 41. Ng8 Ba3 42. g4 hxg4+ 43. hxg4 Nc4 44. Nf6 Be7 45. Ne8 Kd7 46. Ng7 Bf8 47. Nf5 gxf5 48. gxf5 Be7 49. f6 Bf8 50. f5 Nb6 51. Kf4 Nc4 52. Kg5 Ke8 53. e6 fxe6 54. fxe6 Bd6 55. Kg6 1-0


[Site "https://www.chess.com"]

[Event "Titled Tuesday Blitz July 25 Early 2023"]
[White "Timerkhanov, Alexander"]
[Black "Larina, Maria"]
[WhiteFideId "24177938"]
[BlackFideId "24113182"]
[WhiteElo "2643"]
[BlackElo "2131"]
[Result "1-0"]
[Round "9"]
[TimeControl "180+2"]
[Date "2023.07.25"]
[WhiteClock "0:01:47"]
[BlackClock "0:00:16"]
[Board "148"]

1. d4 f5 2. e4 fxe4 3. Nc3 Nf6 4. Bg5 Nc6 5. d5 Ne5 6. Qd4 Nf7 7. h4 c6 8. O-O-O Qb6 9. Qa4 Nxd5 10. Nxd5 cxd5 11. Rxd5 Qxf2 12. Nh3 Qb6 13. Bb5 Nd6 14. Re1 g6 15. h5 gxh5 16. Nf4 Nxb5 17. Rxb5 Qf2 18. Qxe4 e6 19. Nxh5 Be7 20. Ng7+ Kf7 21. Bxe7 Kxe7 22. Nf5+ Kf6 23. Qe5+ Kf7 24. Nd6+ Kg6 25. Qg5# 1-0


[Site "https://www.chess.com"]

[Event "Titled Tuesday Blitz July 25 Early 2023"]
[White "Altman, Joshua"]
[Black "Tsyhanchuk, Stanislav"]
[WhiteFideId "426210"]
[BlackFideId "13505130"]
[WhiteElo "2508"]
[BlackElo "2309"]
[Result "1/2-1/2"]
[Round "9"]
[TimeControl "180+2"]
[Date "2023.07.25"]
[WhiteClock "0:00:03"]
[BlackClock "0:00:35"]
[Board "149"]

1. e4 c5 2. Nf3 d6 3. b3 e5 4. Bb2 Nf6 5. d3 Be6 6. Be2 Be7 7. O-O O-O 8. Nbd2 Nc6 9. c3 Rb8 10. h3 b5 11. d4 cxd4 12. cxd4 exd4 13. Nxd4 Nxd4 14. Bxd4 Nd7 15. a4 a6 16. axb5 axb5 17. Nf3 Bf6 18. b4 Ne5 19. Ra6 Nc4 20. Re1 Qc8 21. Ra7 Be5 22. Bxc4 Qxc4 23. Bxe5 dxe5 24. Nxe5 Qxb4 25. Nc6 Qc5 26. Rc7 Qb6 27. Qd6 Kh8 28. Rd1 Rbc8 29. Rxc8 Rxc8 30. Na7 Qxd6 31. Rxd6 Rc1+ 32. Kh2 g6 33. Nxb5 Re1 34. f3 Bc4 35. Nd4 Rd1 36. Rd8+ Kg7 37. Nf5+ gxf5 38. Rxd1 fxe4 39. fxe4 Kf6 40. Re1 Ke5 41. Kg3 Bd3 42. Kf3 f6 43. g4 h6 44. h4 Bc2 45. Re3 Bd1+ 46. Kg3 Bc2 47. h5 Bxe4 48. Ra3 f5 49. Ra5+ Kf6 50. Kf4 Bd3 51. gxf5 Be2 52. Re5 Bxh5 53. Re6+ Kg7 54. Ke5 Bf7 55. Re7 h5 56. f6+ Kg6 57. Ra7 h4 58. Ra4 Kg5 59. Rf4 h3 60. Rf2 Kg4 61. Kd6 Kg3 62. Rc2 h2 63. Rc1 Kg2 64. Ke7 Bg6 65. f7 Bxf7 66. Kxf7 h1=Q 67. Rxh1 Kxh1 1/2-1/2


[Site "https://www.chess.com"]

[Event "Titled Tuesday Blitz July 25 Early 2023"]
[White "Fernandez Siles, Luis"]
[Black "Herman, Daniel"]
[WhiteFideId "2209420"]
[BlackFideId "30935008"]
[WhiteElo "2303"]
[BlackElo "2408"]
[Result "1-0"]
[Round "9"]
[TimeControl "180+2"]
[Date "2023.07.25"]
[WhiteClock "0:00:04"]
[BlackClock "0:00:00"]
[Board "150"]

1. e4 d6 2. Nc3 c5 3. Bb5+ Nd7 4. f4 a6 5. Bxd7+ Bxd7 6. Nf3 g6 7. O-O Bg7 8. d3 Nh6 9. Qe1 e6 10. f5 gxf5 11. Qg3 Rg8 12. Qxd6 Qe7 13. Qb6 Bc6 14. Be3 c4 15. Nd4 Ng4 16. Nxc6 Qh4 17. Bf4 bxc6 18. Qxc6+ Ke7 19. Nd5+ exd5 20. Bd6+ Kd8 21. Qxa8+ Kd7 22. Qxg8 Bd4+ 23. Kh1 Kxd6 24. h3 Qg3 25. Qd8+ Kc6 26. Qa8+ Kb6 27. Qb8+ Kc6 28. Qxg3 1-0


[Site "https://www.chess.com"]

[Event "Titled Tuesday Blitz July 25 Early 2023"]
[White "Bueno, Alfeu Junior Varela"]
[Black "UgarteCesar"]
[WhiteFideId "2108879"]
[WhiteElo "2389"]
[BlackElo "2292"]
[Result "1-0"]
[Round "9"]
[TimeControl "180+2"]
[Date "2023.07.25"]
[WhiteClock "0:00:10"]
[BlackClock "0:00:16"]
[Board "151"]

1. e4 c5 2. Nc3 Nc6 3. f4 g6 4. Nf3 Bg7 5. Bb5 Nd4 6. O-O Nxb5 7. Nxb5 d5 8. exd5 a6 9. Nc3 Nf6 10. d4 Nxd5 11. dxc5 Nxc3 12. Qxd8+ Kxd8 13. bxc3 Bxc3 14. Rb1 Rb8 15. Rb3 Bf6 16. Rd1+ Ke8 17. f5 Bxf5 18. Bf4 Bxc2 19. Bxb8 Bxd1 20. Rxb7 Kf8 21. c6 Kg7 22. c7 Bc2 23. Ba7 Bf5 24. Kf2 Rc8 25. Ke3 e5 26. Bc5 Be6 27. Bd6 Bxa2 28. Bxe5 Bd5 29. Rb8 Be6 30. Rxc8 Bxc8 31. Kd4 a5 32. Kc5 a4 33. Kb4 Bxe5 34. Nxe5 Kf6 35. Nc6 Ke6 36. Nd8+ Ke7 37. Kxa4 f5 38. Kb4 Kd7 39. Kc5 Kxc7 40. Nf7 Bb7 41. g3 Kd7 42. Ng5 h6 43. Nf7 h5 44. Nh8 g5 45. Nf7 g4 46. Kd4 Ke6 47. Nd8+ Kf6 48. Nxb7 Kg5 49. Ke3 h4 50. Nc5 hxg3 51. hxg3 Kf6 52. Nd3 Ke6 53. Kf4 Kf6 54. Nc5 Kg6 55. Nb7 Kf6 56. Nd6 Ke6 57. Nxf5 Kf6 58. Ne3 Kg6 59. Nxg4 Kf7 60. Kg5 1-0


[Site "https://www.chess.com"]

[Event "Titled Tuesday Blitz July 25 Early 2023"]
[White "Tarasova, Viktoriya"]
[Black "chessmateto"]
[WhiteFideId "4175840"]
[WhiteElo "2378"]
[BlackElo "2327"]
[Result "1-0"]
[Round "9"]
[TimeControl "180+2"]
[Date "2023.07.25"]
[WhiteClock "0:00:53"]
[BlackClock "0:00:08"]
[Board "152"]

1. d4 d5 2. c4 c6 3. Nf3 Nf6 4. Nc3 e6 5. Bg5 Nbd7 6. e3 Qa5 7. Nd2 Ne4 8. Ndxe4 dxe4 9. Bh4 Bb4 10. Qc2 Bxc3+ 11. bxc3 O-O 12. Be2 f5 13. O-O Nf6 14. f3 Bd7 15. Rac1 exf3 16. gxf3 h6 17. Kh1 g5 18. Bg3 Be8 19. Rg1 Bg6 20. h4 Kh7 21. Bd3 Rg8 22. hxg5 hxg5 23. Be5 Qd8 24. Rxg5 Ng4 25. f4 Nxe5 26. dxe5 Qb6 27. Qh2+ Kg7 28. Rcg1 Rh8 29. Rxg6+ Kf7 30. Rg7+ Ke8 31. Qxh8# 1-0


[Site "https://www.chess.com"]

[Event "Titled Tuesday Blitz July 25 Early 2023"]
[White "FREDERICKtheMATE"]
[Black "Kiseljova, Marya"]
[BlackFideId "4155009"]
[WhiteElo "2368"]
[BlackElo "2150"]
[Result "1/2-1/2"]
[Round "9"]
[TimeControl "180+2"]
[Date "2023.07.25"]
[WhiteClock "0:00:41"]
[BlackClock "0:00:06"]
[Board "153"]

1. Nf3 d5 2. g3 Bg4 3. Bg2 Nf6 4. O-O Nbd7 5. d4 Nb6 6. b3 e6 7. Bb2 Be7 8. Nbd2 O-O 9. c4 c5 10. dxc5 Bxc5 11. Rc1 Rc8 12. Ne5 Bh5 13. Ndf3 dxc4 14. Nxc4 Nxc4 15. Rxc4 Bb6 16. Qc1 Rxc4 17. Qxc4 Qc8 18. Rc1 Qxc4 19. Rxc4 Rd8 20. Bd4 Bxf3 21. Bxb6 Rd1+ 22. Bf1 Bc6 23. Bxa7 h6 24. f3 Bb5 25. Rd4 Ra1 26. Rd2 Nd5 27. Bd4 Rc1 28. Kf2 f6 29. Bb2 Rb1 30. Bh3 Kf7 31. e4 Nb4 32. a3 Nc6 33. a4 Ba6 34. f4 Nb4 35. Kf3 Nd3 36. Bd4 e5 37. fxe5 fxe5 38. Be3 Rxb3 39. Bf1 Ne1+ 40. Kf2 Bxf1 41. Kxe1 Rxe3+ 42. Kxf1 Rxe4 43. Rd7+ Kf6 44. Rxb7 Rxa4 45. Rb2 Ra3 46. Kf2 Kf5 47. h3 g5 48. Rb4 h5 49. g4+ hxg4 50. hxg4+ Ke6 51. Rb6+ Kd5 52. Rg6 Ke4 53. Rxg5 Kf4 54. Rf5+ Kxg4 55. Rxe5 Ra2+ 56. Ke3 Ra3+ 57. Kd4 Ra4+ 58. Kc3 Ra3+ 59. Kb4 Rf3 60. Re4+ Rf4 61. Rc4 Rxc4+ 62. Kxc4 1/2-1/2


[Site "https://www.chess.com"]

[Event "Titled Tuesday Blitz July 25 Early 2023"]
[White "Sariego Figueredo, Wilfredo"]
[Black "Wernberg, Hugo"]
[WhiteFideId "3500080"]
[BlackFideId "1737511"]
[WhiteElo "2214"]
[BlackElo "2342"]
[Result "1/2-1/2"]
[Round "9"]
[TimeControl "180+2"]
[Date "2023.07.25"]
[WhiteClock "0:01:15"]
[BlackClock "0:00:06"]
[Board "154"]

1. d4 d5 2. Bf4 Nf6 3. e3 c5 4. c3 e6 5. Bd3 Bd6 6. Bg3 Qc7 7. Nf3 Nbd7 8. Nbd2 O-O 9. Bxd6 Qxd6 10. O-O e5 11. dxe5 Nxe5 12. Nxe5 Qxe5 13. Nf3 Qe7 14. Qc2 b6 15. Rfe1 Bb7 16. Rad1 Rfe8 17. b3 Rad8 18. c4 dxc4 19. Bxc4 Bxf3 20. gxf3 Rxd1 21. Rxd1 Rd8 22. Rxd8+ Qxd8 23. Qd3 Qxd3 24. Bxd3 Kf8 25. a4 Ke7 26. Kg2 h6 27. Kg3 Kd6 28. Bc4 Ke7 29. Kf4 Ne8 30. Ke5 Nc7 31. h4 g5 32. hxg5 hxg5 33. Kf5 f6 34. f4 gxf4 35. Kxf4 a6 36. e4 b5 37. axb5 axb5 38. Be2 b4 39. Bc4 Na8 40. Kf5 Nb6 41. Be6 c4 42. bxc4 b3 43. c5 b2 44. Ba2 Na4 45. Bb1 Nxc5 46. e5 fxe5 47. Kxe5 Nb3 48. Ke4 Nd2+ 49. Kd3 Nxb1 50. Kc2 Na3+ 51. Kxb2 Nb5 52. f4 Nc7 53. f5 Ne6 54. f6+ Kxf6 1/2-1/2


[Site "https://www.chess.com"]